Map: Nightscape LE

Players

xmm

  • Race: Terran Terran
  • Spawn Location: 1:00

llllllllllll

  • Race: Protoss Protoss
  • Spawn Location: 1:00

qqq - Winner!

  • Race: Zerg Zerg
  • League: Platinum
  • Spawn Location: 7:00

Massa - Winner!

  • Race: Terran Terran
  • League: Platinum
  • Spawn Location: 7:00

VOD

Have the link to the VOD?

Description

Time

  • Played on: Nov. 22, 2020, 8:18 a.m.
  • Length: 4:37
Show
View Real Time Build Order
Export as new Build Order

xmm Terran 

Build Orders:  

Get SALT Encoding   

  12  0:00  SCV  
  13  0:12  SCV  
  14  0:21  Supply Depot  
  14  0:37  SCV  
  15  0:49  SCV  
  16  0:55  Barracks  
  16  1:01  SCV  
  17  1:06  Barracks  
  17  1:14  SCV  
  18  1:22  Supply Depot  
  18  1:26  SCV  
  19  1:42  Marine  
  19  1:43  Barracks  
  20  1:50  Orbital Command  
  20  1:57  Barracks  
  20  1:58  Marine  
  21  2:05  Marine  
  20  2:18  Marine  
  20  2:23  Marine  
  21  2:36  Marine  
  22  2:40  Marine  
  23  2:53  Marine  
  24  2:58  Marine  
  25  3:11  Marine  
  26  3:16  Marine  
  23  3:36  Barracks  
  23  3:37  Refinery  
  23  3:40  Refinery  
  23  3:42  SCV  
  23  3:45  Marine x2  
  23  3:46  Marine  
  27  3:55  Barracks x2  
  28  4:29  Barracks  
Show
View Real Time Build Order
Export as new Build Order

llllllllllll Protoss 

Build Orders:  

Get SALT Encoding   

  12  0:02  Probe  
  13  0:14  Probe  
  13  0:19  Pylon  
  14  0:31  Probe  
  15  0:43  Probe  
  16  0:55  Pylon  
  16  1:02  Probe  
  17  1:14  Gateway  
  17  1:16  Gateway  
  17  1:20  Gateway  
  17  1:25  Gateway  
  17  1:33  Pylon  
  17  2:03  Zealot x2 (Chrono Boost)  
  21  2:14  Zealot (Chrono Boost)  
  23  2:21  Zealot  
  23  2:22  Zealot  
  25  2:25  Pylon  
  27  2:37  Zealot (Chrono Boost)  
  27  2:38  Zealot (Chrono Boost)  
  31  2:49  Zealot (Chrono Boost)  
  35  2:54  Zealot (Chrono Boost)  
  29  3:11  Zealot x2 (Chrono Boost)  
  29  3:12  Zealot (Chrono Boost)  
  31  3:17  Zealot (Chrono Boost)  
  31  3:31  Zealot x2  
  31  3:33  Zealot  
  37  3:43  Zealot  
  37  3:59  Zealot (Chrono Boost)  
  37  4:00  Zealot x2 (Chrono Boost)  
  39  4:16  Zealot (Chrono Boost)  
Show
View Real Time Build Order
Export as new Build Order

qqq Zerg - Winner!

Build Orders: Hatch First 

Get SALT Encoding   

  12  0:00  Drone  
  13  0:08  Drone  
  14  0:27  Overlord  
  14  0:47  Hatchery  
  13  0:51  Drone x2  
  13  0:54  Drone  
  16  1:03  Drone  
  17  1:24  Drone x2  
  17  1:25  Spawning Pool  
  18  1:26  Extractor  
  17  1:35  Drone  
  18  1:52  Drone  
  19  2:05  Drone  
  20  2:09  Drone  
  20  2:10  Drone  
  20  2:13  Spine Crawler  
  20  2:14  Spine Crawler x2  
  19  2:19  Queen  
  21  2:28  Drone  
  21  2:29  Drone  
  23  2:31  Zergling x2  
  23  2:36  Metabolic Boost  
  24  2:39  Drone  
  24  2:43  Zergling x2  
  26  2:46  Zergling x2  
  27  2:56  Zergling x2  
  27  2:58  Drone  
  28  3:10  Overlord  
  28  3:11  Overlord  
  27  3:26  Zergling x2  
  27  3:31  Lair  
  27  3:35  Baneling Nest, Drone x3  
  27  3:36  Zergling x2  
  29  3:49  Zergling x4  
  30  3:59  Zergling x2  
  30  4:00  Zergling x8  
Show
View Real Time Build Order
Export as new Build Order

Massa Terran - Winner!

Build Orders:  

Get SALT Encoding   

  12  0:00  SCV  
  13  0:12  SCV  
  14  0:22  Supply Depot  
  14  0:25  SCV  
  15  0:30  Refinery  
  15  0:43  SCV  
  15  0:45  Barracks  
  16  0:55  SCV  
  17  1:08  SCV  
  18  1:20  SCV  
  19  1:34  Marine  
  19  1:37  Bunker  
  19  1:38  Barracks  
  20  1:41  Barracks  
  20  1:52  Marine  
  21  1:58  Orbital Command  
  21  2:09  Marine  
  22  2:27  Marine x2  
  22  2:28  Marine  
  22  2:45  Marine  
  22  2:46  Barracks  
  22  2:48  Factory  
  23  2:55  Marine  
  23  3:02  Marine  
  23  3:14  Supply Depot, Marine  
  22  3:27  Marine  
  22  3:29  Marine  
  21  3:58  Marine x3  
  21  3:59  Marine  
  25  4:07  Supply Depot  
  24  4:11  Hellion  
Tags
 
Add a new tag
Caveats
  • Supply blocks, unpowered buildings, or Contaminate may cause inaccurate times.
  • Supply counts are checked every 10 seconds.